 Dungeon Crawl Stone Soup version 0.27.0-1-g7a089689b8 (webtiles) character file.

Game seed: 14237552031231400232

46 gimp the Cudgeller (level 3, -4/22 HPs)
             Began as a Tengu Warper on Aug 11, 2021.
             Slain by a gnoll (6 damage)
             ... on level 2 of the Dungeon.
             The game lasted 00:02:35 (1553 turns).

gimp the Cudgeller (Tengu Warper)                   Turns: 1553, Time: 00:02:36

Health: -4/22      AC:  3    Str: 12    XL:     3   Next: 66%
Magic:  7/7        EV: 12    Int: 13    God:
Gold:   61         SH:  0    Dex: 13    Spells: 6/6 levels left

rFire    . . .     SeeInvis .   a - +0 mace
rCold    . . .     Faith    .   (no shield)
rNeg     . . .     Spirit   .   b - +0 leather armour
rPois    .         Reflect  .   (helmet restricted)
rElec    .         Harm     .   (no cloak)
rCorr    .         Rampage  .   (no gloves)
Will     .....                  (boots unavailable)
Stlth    +.........             (no amulet)
HPRegen  0.07/turn              (no ring)
MPRegen  0.10/turn              (no ring)

@: no status effects
A: beak, talons 3
a: no special abilities


You were on level 2 of the Dungeon.
You visited 1 branch of the dungeon, and saw 3 of its levels.

You collected 61 gold pieces.

Inventory:

Hand Weapons
 a - a +0 mace (weapon)
Missiles
 d - 5 boomerangs of dispersal (quivered)
Armour
 b - a +0 leather armour (worn)
Jewellery
 e - an amulet of reflection
Scrolls
 c - a scroll of blinking
 f - a scroll of teleportation {unknown}
Potions
 g - a potion of curing {unknown}


   Skills:
 + Level 2.5 Fighting
 * Level 3.4 Maces & Flails
 - Level 1.0 Throwing
 + Level 2.0 Armour
 - Level 2.1 Dodging
 - Level 2.0 Spellcasting
 - Level 2.4 Translocations


You had 6 spell levels left.
You didn't know any spells.
Your spell library contained the following spells:

 Spells                   Type           Power      Damage    Failure   Level
 Blink                    Tloc           N/A        N/A       19%         2
 Gell's Gravitas          Tloc           3%         N/A       36%         3
 Lesser Beckoning         Tloc           3%         N/A       36%         3
 Teleport Other           Tloc           7%         N/A       36%         3
 Manifold Assault         Tloc           7%         N/A       98%         5


Dungeon Overview and Level Annotations

Branches:
Dungeon (3/15)

Altars:


Innate Abilities, Weirdness & Mutations

You have a beak for a mouth.
You have claws for feet.


Message History

There is a stone staircase leading down here.
You start resting.
HP restored.
Health restored: 22 You climb downwards.
There is a stone staircase leading up here.
The gnoll barely misses you.
You hit the gnoll but do no damage. You peck the gnoll.
The gnoll is lightly wounded.
The gnoll closely misses you.
You hit the gnoll but do no damage. Your kick misses the gnoll.
The gnoll is lightly wounded.
The gnoll hits you with a +0 spear. The gnoll closely misses you.
You take 1 damage, and have 21/22 hp.
You hit the gnoll.
The gnoll is moderately wounded.
The gnoll hits you with a +0 spear.
You take 3 damage, and have 18/22 hp.
You hit the gnoll.
The gnoll is heavily wounded.
The gnoll hits you with a +0 spear.
You take 3 damage, and have 15/22 hp.
You hit the gnoll. Your peck misses the gnoll.
The gnoll is severely wounded.
The gnoll barely misses you.
You closely miss the gnoll. Your kick misses the gnoll.
Your peck misses the gnoll.
The gnoll is heavily wounded.
The gnoll hits you with a +0 spear!
You take 8 damage, and have 7/22 hp.
MASSIVE DAMAGE!!
You are too injured to fight recklessly!
You hit the gnoll but do no damage. Your kick misses the gnoll.
The gnoll is heavily wounded.
The gnoll barely misses you. The gnoll hits you with a +0 spear.
* * * LOW HITPOINT WARNING * * *
You take 5 damage, and have 2/22 hp.
MASSIVE DAMAGE!!
You hit the gnoll. Your kick misses the gnoll.
The gnoll is almost dead.
The gnoll hits you with a +0 spear.
You die...

############
#...g.g.g..# ###
#.########.# ..# #.#
#.# ..# #g# ###g#
..# ####.# #<#.#
..####..#.## #@#g#
[..........# #g#.#
....>......#####K#g#
...........g...gg#.#
................<#.#
.................#.#
..##.#......#..#.#.#
####.########....#K#
#.............#.#


You could see 3 gnolls and a kobold.

Vanquished Creatures
  A gnoll (D:1)
  2 dart slugs
  2 bats
  4 endoplasms
  2 giant cockroaches
  5 jackals (D:1)
  3 kobolds
  2 ball pythons (D:1)
  5 frilled lizards
  4 goblins (D:1)
  2 rats (D:1)
32 creatures vanquished.

Notes
Turn   | Place    | Note
-------+----------+-------------------------------------------
     0 | D:1      | gimp the Tengu Warper began the quest for the Orb.
     0 | D:1      | Reached XP level 1. HP: 12/12 MP: 4/4
   145 | D:1      | Reached XP level 2. HP: 8/17 MP: 6/6
   587 | D:1      | Reached skill level 3 in Maces & Flails
   837 | D:1      | Reached XP level 3. HP: 22/22 MP: 7/7
  1137 | D:2      | Noticed an ogre
  1553 | D:2      | Slain by a gnoll

Illustrated notes

Levels and vault maps discovered:
D:1:      co_arrival_random_square_maze, layout_loops_ring
D:2:      layout_basic, minmay_split_cup_small
D:3:      layout_rooms, lemuel_zombie_altar_kikubaaqudgha,
          nicolae_ru_great_annihilating_truth, mainiacjoe_overflow_big_doors,
          ebering_ecumenical_altar_sacrificial, minmay_increasing_density,
          uniq_ijyb, uniq_grinder

Skill      XL: |  1  2  3 |
---------------+----------+-----
Maces & Flails | 3 |  3.4
Armour         | 2 |  2.0
Fighting       | |  2.5
Throwing       | |  1.0
Dodging        | |  2.1
Spellcasting   | |  2.0
Translocations | |  2.4

Action                   || total
-------------------------++-------
Melee: Mace              ||    87
       Kick              ||    16
       Peck              ||     7
 Stab: Sleeping          ||     1
Armor: Leather armour    ||    34
Dodge: Dodged            ||    79
